 Dungeon Crawl Stone Soup version 0.15-a0-1656-gb4d1502 (console) character file.

1715 Mac the Grappler (level 8, -14/70 HPs)
             Began as a Troll Gladiator on June 23, 2014.
             Was a Follower of Cheibriados.
             Killed from afar by valor's ghost (20 damage)
             ... with a blast of negative energy
             ... on Level 7 of the Dungeon.
             The game lasted 00:09:33 (1932 turns).

Mac the Grappler (Troll Gladiator)                  Turns: 1932, Time: 00:09:33

HP -14/70        AC  6     Str 28      XL: 8   Next: 74%
MP   9/9         EV  9     Int  6      God: Cheibriados [*.....]
Gold 111         SH  0     Dex 12      Spells:  0 memorised,  7 levels left

rFire  . . .     SeeInvis .       - Unarmed
rCold  . . .     Clarity  .     x - +1 robe
rNeg   . . .     rCorr    .     (shield restricted)
rPois  .         rRot     .     c - +0 hat
rElec  .         Spirit   .     (no cloak)
SustAb .         Warding  .     (gloves unavailable)
rMut   .         Stasis   .     (boots unavailable)
Gourm  +                        (no amulet)
MR     .....                    (no ring)
                                (no ring)

@: heavily drained, very slow, not resistant to hostile enchantments, very
unstealthy
A: unfitting armour, claws 3, fast metabolism 3, gourmand, regeneration 2,
saprovore 2, shaggy fur 1, tough skin 2
a: Bend Time, Renounce Religion


You were on level 7 of the Dungeon.
You worshipped Cheibriados.
Cheibriados was aware of your devotion.
You were not hungry.

You visited 2 branches of the dungeon, and saw 8 of its levels.

You collected 111 gold pieces.

Inventory:

Hand weapons
 t - a +4 scythe of venom
Missiles
 d - 3 throwing nets (quivered)
Armour
 c - a +0 hat (worn)
 x - a +1 robe (worn)
Magical devices
 q - a wand of frost (9)
 s - a wand of slowing (6)
Comestibles
 a - 3 meat rations
 h - 2 bread rations
Scrolls
 e - a scroll of fear {unknown}
 i - 2 scrolls of recharging {unknown}
 j - a scroll of random uselessness {unknown}
 k - a scroll of remove curse {unknown}
 l - 2 scrolls of magic mapping {unknown}
 n - 8 scrolls of identify {unknown}
 r - 2 scrolls of teleportation {unknown}
Jewellery
 f - an uncursed ring of fire
Potions
 g - a potion of invisibility
 p - 2 potions of heal wounds {unknown}


   Skills:
 - Level 1.5(0.0) Fighting
 - Level 1.7(0.0) Throwing
 - Level 2.4(0.4) Dodging
 + Level 10.2(7.8) Unarmed Combat
 + Level 4.7(2.6) Invocations


You had 7 spell levels left.
You didn't know any spells.

Dungeon Overview and Level Annotations

Branches:
Dungeon (7/15)             Temple (1/1) D:6

Altars:
Cheibriados
Elyvilon
Fedhas
Trog
Xom
Yredelemnul
Zin

Annotations:
D:6 Nikss' ghost, experienced DrNe
D:7 valor's ghost, experienced DrAE


Innate Abilities, Weirdness & Mutations

You are too large for most types of armour.
You have claws for hands.
Your metabolism is lightning-fast.
You like to eat raw meat.
You heal very quickly.
You can eat rotten meat.
You are covered in fur (AC +1).
You have very tough skin (AC +2).


Message History

You claw valor's ghost!
Valor's ghost is heavily damaged.
Valor's ghost hits you but does no damage.
You claw valor's ghost!
Valor's ghost is severely damaged.
You closely miss valor's ghost.
Valor's ghost is severely damaged.
Valor's ghost points at you and mumbles some strange words.
The zap hits you!
* * * LOW HITPOINT WARNING * * *
You miss valor's ghost.
Valor's ghost is severely damaged.
Valor's ghost says, "Death is but another step down the path of knowledge."
Valor's ghost hits you.
* * * LOW HITPOINT WARNING * * *
You scratch valor's ghost but do no damage.
Valor's ghost is severely damaged.
Valor's ghost breathes negative energy at you.
The blast of negative energy hits you!
You feel drained.
You die...

#...# #.# ..##### ##.. #
##..### #.# #......###).# ##
#.....#####.## #......)))#
.###............## ######....#
.#...###.........## #....#
.....# ##.....##..# ##....##
...<## #.######..# ##..##..#
...)### #.# #W.# ##..###.##
......###.### #@.# ##..###.##
..#.#.#.#.#.####..# #...##..#
##.............#>.#####......##
#.#.#.#.#.#..#...##........#
............####...(....%..####
###.#.#.#.#.#.#
######..........
.............## #..........
#.#.#.#.#.#.## #...........
#............# #......#####.


You could see valor's ghost.

Vanquished Creatures
  A hungry ghost (D:7)
  A necrophage (D:7)
  An ice beast (D:6)
  2 phantoms
  A black bear (D:6)
  An ogre (D:6)
  A centaur (D:5)
  Sigmund (D:6)
  5 wights (D:6)
  2 goliath beetles (D:6)
  A hippogriff skeleton (D:5)
  4 crimson imps
  2 iguanas
  A jelly (D:5)
  An orc priest (D:3)
  3 hounds
  An orc wizard (D:7)
  2 worker ants
  A hound skeleton (D:6)
  3 gnolls (D:4)
  5 adders
  A giant mite (D:4)
  3 worms
  An orc skeleton (D:5)
  9 orcs
  2 giant cockroaches
  2 goblins (D:1)
  5 hobgoblins
  2 jackals (D:3)
  3 quokkas (D:4)
  5 bats
  A giant newt (D:1)
  A jackal skeleton (D:6)
  5 kobolds
  A kobold zombie (D:7)
  6 rats
87 creatures vanquished.

Notes
Turn   | Place    | Note
--------------------------------------------------------------
     0 | D:1      | Mac, the Troll Gladiator, began the quest for the Orb.
     0 | D:1      | Reached XP level 1. HP: 19/19 MP: 1/1
   152 | D:1      | Reached XP level 2. HP: 24/27 MP: 1/1
   172 | D:2      | Reached skill level 4 in Unarmed Combat
   235 | D:3      | HP: 1/27 [orc priest/falchion (1)]
   253 | D:3      | Reached XP level 3. HP: 18/33 MP: 2/2
   359 | D:4      | Reached XP level 4. HP: 37/41 MP: 2/2
   418 | D:3      | Found a basalt altar of Yredelemnul.
   450 | D:4      | Reached skill level 5 in Unarmed Combat
   516 | D:4      | Reached XP level 5. HP: 26/48 MP: 2/2
   522 | D:4      | HP: 1/48 [poisoned by a gnoll]
   627 | D:4      | Reached skill level 6 in Unarmed Combat
   689 | D:5      | Entered Level 5 of the Dungeon
   858 | D:5      | Reached XP level 6. HP: 43/55 MP: 3/3
   891 | D:5      | Reached skill level 7 in Unarmed Combat
   915 | D:5      | Noticed a centaur
   921 | D:5      | Killed a centaur
  1073 | D:6      | Reached skill level 8 in Unarmed Combat
  1073 | D:6      | Reached XP level 7. HP: 52/62 MP: 3/3
  1084 | D:6      | Reached skill level 9 in Unarmed Combat
  1116 | D:6      | Noticed Nikss' ghost (experienced DrNe)
  1211 | D:5      | Noticed a phantom
  1232 | D:5      | Killed a phantom
  1292 | D:6      | Noticed Sigmund
  1300 | D:6      | Killed Sigmund
  1410 | D:6      | Found a staircase to the Ecumenical Temple.
  1418 | Temple   | Entered the Ecumenical Temple
  1441 | Temple   | Became a worshipper of Cheibriados the Contemplative
  1488 | D:6      | Reached skill level 1 in Invocations
  1488 | D:6      | Reached XP level 8. HP: 64/70 MP: 3/4
  1867 | D:7      | Reached skill level 10 in Unarmed Combat
  1915 | D:7      | Noticed valor's ghost (experienced DrAE)
  1932 | D:7      | Killed from afar by valor's ghost

Action                   |  1- 3 |  4- 6 |  7- 9 || total
-------------------------+-------+-------+-------++-------
Melee: Unarmed           |    60 |   130 |   146 ||   336
Throw: Throwing net      |       |     1 |       ||     1
Evoke: Wand              |       |     1 |       ||     1
  Use: Potion            |     1 |     1 |     2 ||     4
 Stab: Invisible         |       |       |     2 ||     2
